3AAA
SCRANTON SUPERNOVAS @ GRYFINDOR BRAVES
09/01/2024
 
TOP OF THE 1ST
Scranton Supernovas batting - Pitching for Gryfindor Braves : RHP Sid Brown
Pitching: RHP Sid Brown
Batting: RHB Ethan Stanford 0-0: Ball
1-0: Foul Ball, location: 2F
1-1: Foul Ball, location: 2F
1-2: SINGLE (Groundball, 25) (infield hit)
Batting: SHB Alonso Solís 0-0: Ball
1-0: SINGLE (Flyball, 4MD)
Ethan Stanford to second
Batting: LHB Tony Vega 0-0: Ball
1-0: Ball
2-0: Ball
3-0: Called Strike
3-1: Base on Balls
Ethan Stanford to third
Alonso Solís to second
Batting: RHB Martín Álvarez 0-0: Called Strike
0-1: Foul Ball, location: 2F
0-2: Ball
1-2: Ball
2-2: Fly out, F8 (Line Drive, 8RM)
Runner from 3rd tags up, OUT at HOME
Alonso Solís to third
Tony Vega to second
Batting: RHB Brad Jacobson 0-0: Called Strike
0-1: Called Strike
0-2: Ball
1-2: Ball
2-2: Ball
3-2: Foul Ball, location: 2F
3-2: SINGLE (Groundball, 6)
Alonso Solís scores
Tony Vega to third
Tony Vega scores
Batting: LHB Francisco Ortega 0-0: Ball
1-0: Called Strike
1-1: Foul Ball, location: 2F
1-2: Ground out 6-3 (Groundball, 6)
Top of the 1st over - 2 run(s), 3 hit(s), 0 error(s), 1 left on base; Scranton 2 - Gryfindor 0
BOTTOM OF THE 1ST
Gryfindor Braves batting - Pitching for Scranton Supernovas : RHP R.J. Anderson
Pitching: RHP R.J. Anderson
Batting: LHB Micheal Garren 0-0: Ball
1-0: Ball
2-0: TRIPLE (Groundball, 3L)
Batting: LHB Dave Lee 0-0: Fly out, F8 (Flyball, 8RD)
Runner from 3rd tags up, SCORES, no throw
Batting: RHB Turner Coleman 0-0: Called Strike
0-1: Foul Ball, location: 2F
0-2: Strikes out swinging
Batting: RHB Jim Unknown 0-0: Called Strike
0-1: Ball
1-1: Ball
2-1: Swinging Strike
2-2: Foul Ball, location: 2F
2-2: Foul Ball, location: 2F
2-2: Foul Ball, location: 2F
2-2: Ground out 6-3 (Groundball, 6M)
Bottom of the 1st over - 1 run(s), 1 hit(s), 0 error(s), 0 left on base; Scranton 2 - Gryfindor 1
TOP OF THE 2ND
Scranton Supernovas batting - Pitching for Gryfindor Braves : RHP Sid Brown
Batting: RHB Henrique Shearman 0-0: Ball
1-0: DOUBLE (Line Drive, 7LS)
Batting: LHB Neal Hart 0-0: Called Strike
0-1: Called Strike
0-2: Foul Ball, location: 2F
0-2: Foul Ball, location: 2F
0-2: Foul Ball, location: 2F
0-2: Foul Ball, location: 2F
0-2: Ball
1-2: Ball
2-2: Foul Ball, location: 2F
2-2: Ball
3-2: Fly out, F7 (Flyball, 7LM)
Batting: RHB Chris Henderson 0-0: Called Strike
0-1: Ball
1-1: Called Strike
1-2: Strikes out swinging
Batting: RHB Ethan Stanford 0-0: Foul Ball, location: 2F
0-1: Ball
1-1: Ball
2-1: Foul Ball, location: 2F
2-2: Foul Ball, location: 2F
2-2: Ball
3-2: Foul Ball, location: 2F
3-2: Foul Ball, location: 2F
3-2: Foul Ball, location: 2F
3-2: Ground out 6-3 (Groundball, 6)
Top of the 2nd over - 0 run(s), 1 hit(s), 0 error(s), 1 left on base; Scranton 2 - Gryfindor 1
BOTTOM OF THE 2ND
Gryfindor Braves batting - Pitching for Scranton Supernovas : RHP R.J. Anderson
Batting: SHB Arturo Romero 0-0: Called Strike
0-1: Ball
1-1: Ball
2-1: Ball
3-1: Base on Balls
Batting: LHB Jack Schmitt 0-0: Ball
1-0: Fly out, F6 (Line Drive, 6D)
Batting: SHB Emílio Gonzáles 0-0: Ball
1-0: Ball
2-0: Ball
3-0: Called Strike
3-1: Fly out, F7 (Flyball, 78S)
Batting: LHB Jim Unknown 0-0: Called Strike
0-1: Ball
1-1: Ball
2-1: Foul Ball, location: 2F
2-2: Strikes out looking
Bottom of the 2nd over - 0 run(s), 0 hit(s), 0 error(s), 1 left on base; Scranton 2 - Gryfindor 1
TOP OF THE 3RD
Scranton Supernovas batting - Pitching for Gryfindor Braves : RHP Sid Brown
Batting: SHB Alonso Solís 0-0: Ball
1-0: Swinging Strike
1-1: SINGLE (Line Drive, 4D)
Batting: LHB Tony Vega 0-0: Ball
1-0: Foul Ball, location: 2F
1-1: Ball
2-1: Ball
3-1: Base on Balls
Alonso Solís to second
Batting: RHB Martín Álvarez 0-0: Ball
1-0: Ball
2-0: Called Strike
2-1: Foul Ball, location: 2F
2-2: Fly out, F8 (Line Drive, 8RD)
Runner from 2nd tags up, SAFE at 3rd, no throw
Batting: RHB Brad Jacobson 0-0: Ball
1-0: Ball
Wild Pitch!
Alonso Solís scores
Tony Vega to second
2-0: Called Strike
2-1: Ball
3-1: Called Strike
3-2: Strikes out swinging
Batting: LHB Francisco Ortega 0-0: DOUBLE (Groundball, 3L)
Tony Vega scores
Batting: RHB Henrique Shearman 0-0: Called Strike
0-1: Ball
1-1: Swinging Strike
1-2: Strikes out swinging
Top of the 3rd over - 2 run(s), 2 hit(s), 0 error(s), 1 left on base; Scranton 4 - Gryfindor 1
BOTTOM OF THE 3RD
Gryfindor Braves batting - Pitching for Scranton Supernovas : RHP R.J. Anderson
Batting: SHB Reed Ramsey 0-0: Fly out, F7 (Line Drive, 7M)
Batting: LHB Micheal Garren 0-0: Ball
1-0: Ball
2-0: Foul Ball, location: 2F
2-1: Ball
3-1: Foul Ball, location: 2F
3-2: Base on Balls
Batting: LHB Dave Lee 0-0: Ball
1-0: Foul Ball, location: 2F
1-1: Ball
2-1: Ball
3-1: Ground out 4-3 (Groundball, 4M)
Micheal Garren to second
Batting: RHB Turner Coleman 0-0: Ball
1-0: Foul Ball, location: 2F
1-1: Swinging Strike
1-2: Strikes out looking
Bottom of the 3rd over - 0 run(s), 0 hit(s), 0 error(s), 1 left on base; Scranton 4 - Gryfindor 1
TOP OF THE 4TH
Scranton Supernovas batting - Pitching for Gryfindor Braves : RHP Sid Brown
Batting: LHB Neal Hart 0-0: Ball
1-0: Ball
2-0: Fly out, F5 (Popup, 5D)
Batting: RHB Chris Henderson 0-0: Called Strike
0-1: Swinging Strike
0-2: SINGLE (Line Drive, 4MD)
Batting: RHB Ethan Stanford 0-0: Foul Ball, location: 2F
0-1: Ball
1-1: Ball
2-1: Ball
3-1: Called Strike
3-2: SINGLE (Line Drive, 6MD)
Chris Henderson to second
Batting: SHB Alonso Solís 0-0: Ball
1-0: Ball
2-0: Ball
3-0: Called Strike
3-1: Base on Balls
Chris Henderson to third
Ethan Stanford to second
Batting: LHB Tony Vega 0-0: Ball
1-0: Ball
2-0: Swinging Strike
2-1: Ball
3-1: Base on Balls
Chris Henderson scores
Ethan Stanford to third
Alonso Solís to second
Pitching: RHP Pat Vogel
Batting: RHB Martín Álvarez 0-0: Called Strike
0-1: Ball
1-1: Ground out 4-3 (Groundball, 4S)
Ethan Stanford scores
Alonso Solís to third
Tony Vega to second
Batting: RHB Brad Jacobson 0-0: Called Strike
0-1: Ball
1-1: Foul Ball, location: 2F
1-2: Ball
2-2: Foul Ball, location: 2F
2-2: Ball
3-2: DOUBLE (Flyball, 8RXD)
Alonso Solís scores
Tony Vega scores
Batting: LHB Francisco Ortega 0-0: Called Strike
0-1: Ball
1-1: SINGLE (Line Drive, 8LS)
Brad Jacobson to third
Runner from 3rd tries for Home, SAFE, no throw or cutoff
Batting: RHB Henrique Shearman 0-0: Ball
1-0: Ball
2-0: Ground out 4-3 (Groundball, 4MS)
Top of the 4th over - 5 run(s), 4 hit(s), 0 error(s), 1 left on base; Scranton 9 - Gryfindor 1
BOTTOM OF THE 4TH
Gryfindor Braves batting - Pitching for Scranton Supernovas : RHP R.J. Anderson
Batting: RHB Jim Unknown 0-0: Swinging Strike
0-1: SINGLE (Line Drive, 7S)
Batting: SHB Arturo Romero 0-0: Ball
1-0: 2-RUN HOME RUN (Flyball, 89XD), Distance : 420 ft
Batting: LHB Jack Schmitt 0-0: Foul Ball, location: 2F
0-1: Ball
1-1: Called Strike
1-2: Strikes out swinging
Batting: SHB Emílio Gonzáles 0-0: Ball
1-0: Foul Ball, location: 2F
1-1: Ball
2-1: Foul Ball, location: 2F
2-2: SINGLE (Line Drive, 6MD)
Batting: LHB Jim Unknown 0-0: Ball
1-0: Foul Ball, location: 2F
1-1: Ball
Balk!
Emílio Gonzáles to second
2-1: Swinging Strike
2-2: Ball
3-2: Base on Balls
Batting: SHB Reed Ramsey 0-0: Ball
1-0: Grounds into double play, U4-3 (Groundball, 4)
Bottom of the 4th over - 2 run(s), 3 hit(s), 0 error(s), 1 left on base; Scranton 9 - Gryfindor 3
TOP OF THE 5TH
Scranton Supernovas batting - Pitching for Gryfindor Braves : RHP Pat Vogel
Batting: LHB Neal Hart 0-0: Called Strike
0-1: Swinging Strike
0-2: Ball
1-2: Foul Ball, location: 2F
1-2: Ball
2-2: SINGLE (Line Drive, 3D)
Batting: RHB Chris Henderson 0-0: Bunt missed!
0-1: Bunted foul
0-2: Foul Ball, location: 2F
0-2: Grounds into double play, U4-3 (Groundball, 4M)
Batting: RHB Ethan Stanford 0-0: Ball
1-0: Ball
2-0: Ground out 6-3 (Groundball, 6)
Top of the 5th over - 0 run(s), 1 hit(s), 0 error(s), 0 left on base; Scranton 9 - Gryfindor 3
BOTTOM OF THE 5TH
Gryfindor Braves batting - Pitching for Scranton Supernovas : RHP R.J. Anderson
Batting: LHB Micheal Garren 0-0: Swinging Strike
0-1: Ball
1-1: Ball
2-1: Ball
3-1: Base on Balls
Batting: LHB Dave Lee 0-0: Ball
1-0: Ball
2-0: Ball
3-0: Base on Balls
Micheal Garren to second
Batting: RHB Turner Coleman 0-0: SINGLE (Groundball, 56D)
Micheal Garren to third
Dave Lee to second
Runner from 3rd tries for Home, SAFE, throw made home
Batting: RHB Jim Unknown 0-0: Ball
1-0: Called Strike
1-1: Foul Ball, location: 2F
1-2: Ball
2-2: Ball
3-2: Base on Balls
Dave Lee to third
Turner Coleman to second
Batting: SHB Arturo Romero 0-0: Ball
1-0: Ball
2-0: Ball
3-0: Base on Balls
Dave Lee scores
Turner Coleman to third
Jim Unknown to second
Batting: LHB Jack Schmitt 0-0: Ball
1-0: Ball
2-0: Called Strike
2-1: Fly out, F6 (Line Drive, 6)
Batting: SHB Emílio Gonzáles 0-0: Swinging Strike
0-1: Foul Ball, location: 2F
0-2: Foul Ball, location: 2F
0-2: Foul Ball, location: 2F
0-2: Ball
1-2: Fly out, F8 (Line Drive, 8LS)
Batting: LHB Jim Unknown 0-0: SINGLE (Groundball, 4M)
Turner Coleman scores
Jim Unknown to third
Arturo Romero to second
Runner from 3rd tries for Home, SAFE, no throw or cutoff
Pitching: LHP Pedro Garza
Batting: SHB Reed Ramsey 0-0: Ball
1-0: Called Strike
1-1: Hit by Pitch
Arturo Romero to third
Jim Unknown to second
Batting: LHB Micheal Garren 0-0: Ball
1-0: Ball
2-0: Ball
3-0: Called Strike
3-1: SINGLE (Line Drive, 89S)
Arturo Romero scores
Jim Unknown to third
Reed Ramsey to second
Batting: LHB Dave Lee 0-0: Called Strike
0-1: Ball
1-1: Ball
2-1: Foul Ball, location: 2F
2-2: Strikes out swinging
Bottom of the 5th over - 5 run(s), 3 hit(s), 0 error(s), 3 left on base; Scranton 9 - Gryfindor 8
TOP OF THE 6TH
Scranton Supernovas batting - Pitching for Gryfindor Braves : RHP Pat Vogel
Batting: SHB Alonso Solís 0-0: Called Strike
0-1: Ball
1-1: Foul Ball, location: 2F
1-2: Strikes out swinging
Batting: LHB Tony Vega 0-0: Called Strike
0-1: Ball
1-1: Swinging Strike
1-2: Ball
2-2: Ball
3-2: Foul Ball, location: 2F
3-2: Ground out 4-3 (Groundball, 4)
Batting: RHB Martín Álvarez 0-0: Ball
1-0: Ball
2-0: Ball
3-0: Called Strike
3-1: Base on Balls
Batting: RHB Brad Jacobson 0-0: Ball
1-0: Called Strike
1-1: Called Strike
1-2: Ground out 1-3 (Groundball, 25)
Top of the 6th over - 0 run(s), 0 hit(s), 0 error(s), 1 left on base; Scranton 9 - Gryfindor 8
BOTTOM OF THE 6TH
Gryfindor Braves batting - Pitching for Scranton Supernovas : LHP Pedro Garza
Batting: RHB Turner Coleman 0-0: Swinging Strike
0-1: Ball
1-1: Swinging Strike
1-2: Ball
2-2: Strikes out looking
Batting: RHB Jim Unknown 0-0: Called Strike
0-1: Ball
1-1: Swinging Strike
1-2: Foul Ball, location: 2F
1-2: SINGLE (Groundball, 56D)
Batting: SHB Arturo Romero 0-0: Ball
1-0: Ball
2-0: Foul Ball, location: 2F
2-1: Called Strike
2-2: Foul Ball, location: 2F
2-2: Strikes out swinging
Batting: LHB Jack Schmitt 0-0: Ball
1-0: Ball
2-0: Ground out 4-3 (Groundball, 4)
Bottom of the 6th over - 0 run(s), 1 hit(s), 0 error(s), 1 left on base; Scranton 9 - Gryfindor 8
TOP OF THE 7TH
Scranton Supernovas batting - Pitching for Gryfindor Braves : RHP Pat Vogel
Batting: LHB Francisco Ortega 0-0: Fly out, F7 (Flyball, 7S)
Batting: RHB Henrique Shearman 0-0: Ball
1-0: Fly out, F9 (Flyball, 89M)
Pitching: RHP Joe Benítez
Batting: LHB Neal Hart 0-0: Swinging Strike
0-1: Ball
1-1: Swinging Strike
1-2: Ball
2-2: Strikes out swinging
Top of the 7th over - 0 run(s), 0 hit(s), 0 error(s), 0 left on base; Scranton 9 - Gryfindor 8
BOTTOM OF THE 7TH
Gryfindor Braves batting - Pitching for Scranton Supernovas : LHP Pedro Garza
Batting: SHB Emílio Gonzáles 0-0: Ball
1-0: Ground out 4-3 (Groundball, 4)
Pitching: RHP Cor Snel
Batting: LHB Jim Unknown 0-0: Ball
1-0: Ball
2-0: Ball
3-0: Base on Balls
Batting: SHB Reed Ramsey 0-0: Ball
1-0: Ground out 3-1 (Groundball, 34S)
Jim Unknown to second
Batting: LHB Micheal Garren 0-0: Called Strike
0-1: Ball
1-1: Ball
2-1: Fly out, F8 (Flyball, 8RM)
Bottom of the 7th over - 0 run(s), 0 hit(s), 0 error(s), 1 left on base; Scranton 9 - Gryfindor 8
TOP OF THE 8TH
Scranton Supernovas batting - Pitching for Gryfindor Braves : RHP Joe Benítez
Batting: RHB Chris Henderson 0-0: Called Strike
0-1: Ball
1-1: Ball
2-1: SINGLE (Line Drive, 8LS)
Batting: RHB Ethan Stanford 0-0: Ball
1-0: Ball
2-0: Bunted foul
2-1: Sac Bunt - play at first, batter OUT! 3-4
Chris Henderson to second
Batting: SHB Alonso Solís 0-0: Foul Ball, location: 2F
0-1: SINGLE (Line Drive, 9S)
Chris Henderson to third
Batting: LHB Tony Vega 0-0: Foul Ball, location: 2F
0-1: Ball
1-1: Foul Ball, location: 2F
1-2: Strikes out swinging
Alonso Solís steals 2nd base
Batter strikes out.
Batting: RHB Martín Álvarez 0-0: Ball
1-0: Ball
2-0: Ball
3-0: Base on Balls
Batting: RHB Brad Jacobson 0-0: Called Strike
0-1: Foul Ball, location: 2F
0-2: Ball
1-2: Ball
2-2: Foul Ball, location: 2F
2-2: Ball
3-2: Foul Ball, location: 2F
3-2: Base on Balls
Chris Henderson scores
Alonso Solís to third
Martín Álvarez to second
Batting: LHB Francisco Ortega 0-0: Called Strike
0-1: SINGLE (Line Drive, 4MD)
Alonso Solís scores
Martín Álvarez to third
Brad Jacobson to second
Runner from 3rd tries for Home, SAFE, no throw or cutoff
Pitching: LHP Dave Davis
Batting: RHB Henrique Shearman 0-0: Swinging Strike
0-1: Ball
1-1: Foul Ball, location: 2F
1-2: Strikes out swinging
Top of the 8th over - 3 run(s), 3 hit(s), 0 error(s), 2 left on base; Scranton 12 - Gryfindor 8
BOTTOM OF THE 8TH
Gryfindor Braves batting - Pitching for Scranton Supernovas : RHP Cor Snel
Batting: LHB Dave Lee 0-0: Called Strike
0-1: Ball
1-1: Ball
2-1: Foul Ball, location: 2F
2-2: Foul Ball, location: 2F
2-2: Foul Ball, location: 2F
2-2: SINGLE (Groundball, 4MD)
Batting: RHB Turner Coleman 0-0: Swinging Strike
Passed Ball!
Dave Lee to second
0-1: Called Strike
0-2: Ball
1-2: Foul Ball, location: 2F
1-2: Foul Ball, location: 2F
1-2: Foul Ball, location: 2F
1-2: Strikes out swinging
Batting: RHB Jim Unknown 0-0: Called Strike
0-1: Called Strike
0-2: Ball
1-2: Strikes out swinging
Pitching: RHP Bill Maddox
Batting: SHB Arturo Romero 0-0: Foul Ball, location: 2F
0-1: Ball
1-1: Fly out, F4 (Popup, 8LS)
Bottom of the 8th over - 0 run(s), 1 hit(s), 0 error(s), 1 left on base; Scranton 12 - Gryfindor 8
TOP OF THE 9TH
Scranton Supernovas batting - Pitching for Gryfindor Braves : LHP Dave Davis
Pitching: RHP Juan Cantú
Batting: LHB Neal Hart 0-0: Foul Ball, location: 2F
0-1: Ball
1-1: Foul Ball, location: 2F
1-2: Foul Ball, location: 2F
1-2: Strikes out swinging
Batting: RHB Chris Henderson 0-0: SINGLE (Line Drive, 89S)
Batting: RHB Ethan Stanford 0-0: Ball
1-0: Grounds into double play, 6-4-3 (Groundball, 6)
Top of the 9th over - 0 run(s), 1 hit(s), 0 error(s), 0 left on base; Scranton 12 - Gryfindor 8
BOTTOM OF THE 9TH
Gryfindor Braves batting - Pitching for Scranton Supernovas : RHP Bill Maddox
Batting: LHB Jack Schmitt 0-0: Ball
1-0: SINGLE (Flyball, 7LS)
Batting: SHB Emílio Gonzáles 0-0: Ball
1-0: Called Strike
1-1: Called Strike
1-2: SINGLE (Groundball, 4MD)
Jack Schmitt to second
Pitching: LHP Raúl Melro
Batting: LHB Jim Unknown 0-0: Called Strike
0-1: Foul Ball, location: 2F
0-2: Strikes out swinging
Batting: SHB Reed Ramsey 0-0: Called Strike
0-1: SINGLE (Line Drive, 89S)
Jack Schmitt to third
Emílio Gonzáles to second
Runner from 3rd tries for Home, SAFE, throw made home
Emílio Gonzáles to third
Reed Ramsey to second
Batting: LHB Micheal Garren 0-0: Called Strike
0-1: Ball
1-1: SINGLE (Popup, 6MD)
Emílio Gonzáles scores
Reed Ramsey to third
Runner from 3rd tries for Home, SAFE, throw made home
Micheal Garren to second
Pinch Hitting: LHB Jim Unknown 0-0: Ball
1-0: Foul Ball, location: 2F
1-1: Ground out 4-3 (Groundball, 4)
Micheal Garren to third
Batting: RHB Turner Coleman 0-0: Foul Ball, location: 2F
0-1: Ball
Wild Pitch!
Micheal Garren scores
1-1: Ball
2-1: Called Strike
2-2: Hit by Pitch
Batting: RHB Jim Unknown 0-0: Ball
1-0: Ball
2-0: Ball
3-0: Base on Balls
Turner Coleman to second
Batting: SHB Arturo Romero 0-0: Ball
1-0: Called Strike
1-1: Called Strike
1-2: Strikes out looking
Bottom of the 9th over - 4 run(s), 4 hit(s), 0 error(s), 2 left on base; Scranton 12 - Gryfindor 12
TOP OF THE 10TH
Scranton Supernovas batting - Pitching for Gryfindor Braves : RHP Juan Cantú
Now at 1B: Jim Unknown
Batting: SHB Alonso Solís 0-0: Called Strike
0-1: Foul Ball, location: 2F
0-2: Strikes out swinging
Batting: LHB Tony Vega 0-0: Ball
1-0: Foul Ball, location: 2F
1-1: Foul Ball, location: 2F
1-2: Strikes out looking
Batting: RHB Martín Álvarez 0-0: Ball
1-0: Ball
2-0: Foul Ball, location: 2F
2-1: Swinging Strike
2-2: Strikes out swinging
Top of the 10th over - 0 run(s), 0 hit(s), 0 error(s), 0 left on base; Scranton 12 - Gryfindor 12
BOTTOM OF THE 10TH
Gryfindor Braves batting - Pitching for Scranton Supernovas : LHP Raúl Melro
Pinch Hitting: SHB Jim Unknown 0-0: Ball
1-0: Called Strike
1-1: Foul Ball, location: 2F
1-2: Foul Ball, location: 2F
1-2: Fly out, F5 (Popup, 5F)
Batting: SHB Emílio Gonzáles 0-0: Ball
1-0: Ball
2-0: Ball
3-0: Called Strike
3-1: Base on Balls
Batting: LHB Jim Unknown 0-0: Ball
1-0: Foul Ball, location: 2F
1-1: Foul Ball, location: 2F
1-2: Foul Ball, location: 2F
1-2: Ball
2-2: Ball
3-2: Reached on error, E4 (Groundball, 4)
Emílio Gonzáles to third
Batting: SHB Reed Ramsey 0-0: Intentional Walk
Batting: LHB Micheal Garren 0-0: Called Strike
0-1: Ball
1-1: Ball
2-1: Swinging Strike
2-2: Foul Ball, location: 2F
2-2: Fly out, F3 (Popup, 23F)
Batting: LHB Jim Unknown 0-0: Ball
1-0: Ball
2-0: Foul Ball, location: 2F
2-1: Ball
3-1: Called Strike
3-2: Base on Balls
Emílio Gonzáles scores
Jim Unknown to third
Reed Ramsey to second
This league is powered by Out of the Park Baseball, the baseball management simulation game for PC, Mac and Linux
Monday, October 3rd, 2016 - OOTP Baseball 16.9 Build 39